 Dungeon Crawl Stone Soup version 0.15.2 (webtiles) character file.

212 magipi the Cleaver (level 5, 0/42 HPs)
             Began as a Hill Orc Gladiator on Feb 24, 2015.
             Killed from afar by kae's ghost (8 damage)
             ... with a blast of negative energy
             ... on Level 5 of the Dungeon.
             The game lasted 00:17:14 (3828 turns).

magipi the Cleaver (Hill Orc Gladiator)             Turns: 3828, Time: 00:17:14

HP   0/42        AC  7     Str 18      XL: 5   Next: 90%
MP   5/5         EV 10     Int  8      God:
Gold 258         SH  0     Dex 12      Spells:  0 memorised,  4 levels left

rFire  . . .     SeeInvis .     a - +0 war axe
rCold  + . .     Clarity  .     s - +0 ring mail
rNeg   . . .     rCorr    .     (no shield)
rPois  .         rRot     .     v - +0 helmet
rElec  .         Spirit   .     e - +0 cloak
SustAb .         Warding  .     (no gloves)
rMut   .         Stasis   .     (no boots)
Gourm  .                        (no amulet)
MR     .....                    (no ring)
                                j - ring of protection from cold

@: heavily drained, not resistant to hostile enchantments, very unstealthy
A: no striking features
a: no special abilities


You were on level 5 of the Dungeon.
You were hungry.

You visited 1 branch of the dungeon, and saw 5 of its levels.

You collected 258 gold pieces.

Inventory:

Hand weapons
 a - a +0 war axe (weapon)
Missiles
 x - 23 stones
 y - 2 throwing nets (quivered)
 G - 14 poisoned needles
Armour
 e - a +0 cloak (worn)
 s - a +0 ring mail (worn)
 v - a +0 helmet (worn)
Magical devices
 c - a wand of lightning (6) {unknown}
 r - a wand of polymorph (2)
 A - a wand of lightning (6) {unknown}
Comestibles
 f - 3 meat rations
 g - 3 fruits
 i - 2 royal jellies
 p - 3 bread rations
 D - a rotting chunk of adder flesh
Scrolls
 b - a scroll of magic mapping
 k - 5 scrolls of teleportation
 l - 2 scrolls of enchant armour {unknown}
 m - 3 scrolls of remove curse {unknown}
 B - a scroll of fear {unknown}
 C - a scroll of amnesia {unknown}
 F - 2 scrolls of recharging {unknown}
Jewellery
 j - a ring of protection from cold (left hand)
Potions
 h - 2 potions of mutation
 n - a potion of brilliance {unknown}
 o - 3 potions of restore abilities
 q - 2 potions of heal wounds {unknown}
 t - 2 potions of curing
 u - a potion of confusion {unknown}
 w - 2 potions of flight
 z - a potion of might {unknown}
 E - a potion of agility {unknown}


   Skills:
 - Level 2.4(0.9) Fighting
 + Level 8.4(6.7) Axes
 - Level 2.0(0.5) Throwing
 - Level 2.4(0.9) Dodging


You had 4 spell levels left.
You didn't know any spells.

Dungeon Overview and Level Annotations

Branches:
Dungeon (5/15)
 Temple: D:4-7

Altars:

Annotations:
D:3 Datmedizin's ghost, weakling HOFi
D:5 kae's ghost, experienced DrTm

Vault maps used:
D:1:      lemuel_arrival_hallway, st_stairs_7
D:3:      grunt_decor_cap, minmay_liquid_box
D:4:      first_bread, minmay_misc_feat_x


Message History

You hit the adder but do no damage. The adder barely misses you.
You hit the adder.
The adder is lightly wounded.
The adder misses you. The adder bites you but does no damage.
You hit the adder but do no damage. The adder bites you but does no damage.
You hit the adder.
The adder is moderately wounded.
The adder bites you but does no damage.
You closely miss the adder.
The adder is moderately wounded.
The adder bites you but does no damage. x2
You miss the adder.
The adder is moderately wounded.
The adder barely misses you.
You closely miss the adder.
The adder is moderately wounded.
The adder bites you but does no damage. The adder bites you.
You hit the adder.
The adder is heavily wounded.
The adder barely misses you.
You slash the adder!
You kill the adder!
You see here an adder corpse.
You start butchering the adder corpse.
You continue butchering the corpse.
You continue butchering the corpse. x2
You finish butchering the adder corpse.
D - a chunk of adder flesh
m - 3 scrolls labeled OSKI THUXI (gained 1)
Found a slimy black potion.
E - a slimy black potion Read which item? (? for menu, Esc to quit)
Identify which item? (\ to view known items) (? for menu, Esc to quit)
As you read the scroll of identify, it crumbles to dust.
o - 3 potions of restore abilities Read which item? (? for menu, Esc to quit)
Identify which item? (\ to view known items) (? for menu, Esc to quit)
As you read the scroll of identify, it crumbles to dust.
t - 2 potions of curing You are feeling hungry.
Read which item? (? for menu, Esc to quit)
Identify which item? (\ to view known items) (? for menu, Esc to quit)
As you read the scroll of identify, it crumbles to dust.
w - 2 potions of flight Put on which piece of jewellery? (? for menu, Esc to quit)
j - a ring of protection from cold (left hand) Eat one of 3 chunks of hobgoblin flesh? (ye/n/q/i?) This raw flesh tastes terrible.
You continue eating. x2
A hobgoblin comes into view. It is wielding a club.
The hobgoblin misses you.
You slash the hobgoblin!
You kill the hobgoblin!
You see here a club.
Found an oily blue potion.
Found a stone staircase leading down.
q - an oily blue potion
There is a stone staircase leading down here.
There is a stone staircase leading down here.
A kobold zombie comes into view.
You barely miss the kobold zombie. The kobold zombie closely misses you.
You closely miss the kobold zombie. The kobold zombie misses you.
You slash the kobold zombie!
You destroy the kobold zombie!
You smell decay.
Yuck! (slot d)
Found 14 poisoned needles.
F - a scroll labeled KHAPLYW TROHY You see here 14 poisoned needles.
G - 14 poisoned needles
Found 16 stones.
Found a club.
You see here 16 stones.
You now have 258 gold pieces (gained 17).
You smell decay.
Yuck! (slot D)
F - 2 scrolls labeled KHAPLYW TROHY (gained 1)
A worker ant comes into view.
The worker ant twitches its antennae in your direction.
You slash the worker ant!
The worker ant is severely wounded.
The worker ant bites you but does no damage.
You slash the worker ant!
You kill the worker ant!
You found a teleport trap!
Some of the chunks of flesh in your inventory have rotted away.
You see here a club.
You are feeling hungry.
Found an oily blue potion.
Unknown command.
Found a royal jelly.
q - 2 oily blue potions (gained 1) Kae's ghost (experienced Green Draconian Transmuter) comes into view.
Kae's ghost turns its malevolent gaze towards you.
Kae's ghost breathes negative energy at you.
The blast of negative energy hits you!
You feel drained.
Kae's ghost breathes negative energy at you.
The blast of negative energy hits you!
You feel drained.
* * * LOW HITPOINT WARNING * * *
Kae's ghost shouts, "You will never get the ORB!"
Kae's ghost breathes negative energy at you.
The blast of negative energy hits you!
You feel drained.
You die...

* #.####**** #..#
*......## #*
#....,,,,* #W.#
#........ .*
##..#***,.#*#.##
#........ .####..##
*#..##..# ######...
#.......##*#...##..#
##..
#...##...##..#*##..#
#.. ...####.....#*
#..## ##.. ..##
##...## #..#
######... .## #...##
#@## *#.......# ##
*##...## #.##
#..#####..
#####..##..#
#..######.#* ##..
......#*##.##
#........#* ##..#
......#
##.####.......##
##.### ##...##
#.......###### ##.##
#...##
##..##..#########.##
##....#
######..##.......# *
#.....#
##....####.## *#


You could see kae's ghost.

Table legend:
 A = Kills in this place as a percentage of kills in entire the game.
 B = Kills by you in this place as a percentage of kills by you in the entire game.
 C = Kills by friends in this place as a percentage of kills by friends in the entire game.
 D = Other kills in this place as a percentage of other kills in the entire game.
 E = Experience gained in this place as a percentage of experience gained in the entire game.
 F = Experience gained in this place divided by the number of levels of this place that you have seen.
                   A       B       C       D       E      F
               +-------+-------+-------+-------+-------+----------------------
         Total | 100.0 | 100.0 |  -nan |  -nan | 100.0 |  60.8
       Dungeon | 100.0 | 100.0 |  -nan |  -nan | 100.0 |  60.8
               +-------+-------+-------+-------+-------+----------------------

Vanquished Creatures
  A hound (D:4)
  2 worker ants
  5 adders
  A worm (D:3)
  3 giant geckos (D:1)
  3 oozes
  4 orcs
  A ball python (D:2)
  4 giant cockroaches
  6 goblins
  14 hobgoblins
  4 jackals (D:2)
  7 kobolds
  3 quokkas
  3 bats
  3 giant newts
  A jackal skeleton (D:4)
  A kobold zombie (D:5)
  11 rats
77 creatures vanquished.

Notes
Turn   | Place    | Note
--------------------------------------------------------------
     0 | D:1      | magipi, the Hill Orc Gladiator, began the quest for the Orb.
     0 | D:1      | Reached XP level 1. HP: 18/18 MP: 1/1
   324 | D:1      | Reached XP level 2. HP: 22/25 MP: 2/2
   413 | D:1      | Reached skill level 5 in Axes
  1015 | D:1      | Reached XP level 3. HP: 25/30 MP: 3/3
  1426 | D:2      | Reached skill level 6 in Axes
  1572 | D:2      | Reached XP level 4. HP: 27/37 MP: 4/4
  2013 | D:3      | Noticed Datmedizin's ghost (weakling HOFi)
  2334 | D:3      | Reached skill level 7 in Axes
  2334 | D:3      | Reached XP level 5. HP: 30/42 MP: 5/5
  3022 | D:4      | Reached skill level 8 in Axes
  3343 | D:5      | Entered Level 5 of the Dungeon
  3815 | D:5      | Noticed kae's ghost (experienced DrTm)
  3828 | D:5      | Killed from afar by kae's ghost

Action                   |  1- 3 |  4- 6 || total
-------------------------+-------+-------++-------
Melee: War axe           |   102 |   170 ||   272
Throw: Throwing net      |     3 |     2 ||     5
Evoke: Wand              |       |     1 ||     1
  Use: Scroll            |       |     6 ||     6
 Stab: Held in net/web   |     1 |       ||     1
  Eat: Chunk             |     2 |     7 ||     9

Action                   |  1- 3 |  4- 6 || total
-------------------------+-------+-------++-------
Melee: War axe           |   102 |   170 ||   272
Throw: Throwing net      |     3 |     2 ||     5
Evoke: Wand              |       |     1 ||     1
  Use: Scroll            |       |     6 ||     6
 Stab: Held in net/web   |     1 |       ||     1
  Eat: Chunk             |     2 |     7 ||     9

Action                   |  1- 3 |  4- 6 || total
-------------------------+-------+-------++-------
Melee: War axe           |   102 |   170 ||   272
Throw: Throwing net      |     3 |     2 ||     5
Evoke: Wand              |       |     1 ||     1
  Use: Scroll            |       |     6 ||     6
 Stab: Held in net/web   |     1 |       ||     1
  Eat: Chunk             |     2 |     7 ||     9
